cohdb
Replays
Latest Replays
All Replays
Popular Replays
Top Player Replays
Match Explorer
How It Works
Community
CoH3 Stats
Reddit
Sign in to upload your games and track your stats! →
Sign in with Steam
Match 44587567
Unlisted
Match 44587567
Overview
Messages
Build Orders
End
Kradschützen Motorcycle Team
Selects Panzerjäger Kommand Battlegroup
Selects Mine Fields
Panzergrenadier Squad
Panzergrenadier Squad
Construct Light Support Kompanie
Panzerjäger Squad
Selects Tank Busters
Fire Support Elements
Panzerjäger Squad
Veteran Squad Leaders
Construct Panzerarmee Kommand
Panzerjäger Squad
Selects Crew Shock Tactics
Walking Stuka Rocket Launcher
Assault Mechanized Group
Walking Stuka Rocket Launcher
Selects Defensive Positions
Panzerpioneer Squad
Panzerjäger Squad
Selects Butterfly Bomb Drop
Butterfly Bomb Drop
Walking Stuka Rocket Launcher
Panzerjäger Squad
Selects Anti-tank Overwatch
Walking Stuka Rocket Launcher
Walking Stuka Rocket Launcher
Panzerjäger Squad
小方2333
BrianZ
tadeosotomayor9
gskogowk
我真的不是驴
Jeremy
JT
只出曲线
0
0
Comments
sign in to comment!
No comments posted yet!